Cogmind - Beta 15 @@@ ROGUE MODE // 2025.06.03 @ 19:07:35 // Winter2019/RPGLIKE Player: Jack Result: Destroyed by Y-54 Guardian via exploding Fusion Modulator Performance ------------- Evolutions (3) 1500 Regions Visited (4) 800 Robots Destroyed (38) 190 Value Destroyed (1155) 1155 Prototype IDs (0) 0 Alien Tech Used (0) 0 Bonus (0) 0 TOTAL SCORE: 3645 Bonus ------- None Cogmind --------- Core Integrity 0/600 Matter 300/300 Energy 406/460 System Corruption 0% Temperature Cool (12) Movement Flying (37) Location -7/Factory Parts ------- > --- POWER (1) -------- Light Nuclear Core > --- PROPULSION (2) --- Xenon Bombardment Thruster Xenon Bombardment Thruster > --- UTILITY (1) ------ Heat Sink > --- WEAPON (4) ------- Gatling Laser Gatling Laser Gatling Laser Gatling Laser > --- INVENTORY (0) ---- (None) Peak State ------------ > --- POWER ------------ Backup Power III > --- PROPULSION ------- Xenon Bombardment Thruster Xenon Bombardment Thruster > --- UTILITY ---------- Heat Sink > --- WEAPON ----------- Gatling Laser Gatling Laser Gatling Laser Gatling Laser > --- INVENTORY -------- (None) [Rating: 28] Favorites ----------- Power Light Ion Engine Engine Light Ion Engine Power Core Light Nuclear Core Propulsion Flight Unit Flight Unit Flight Unit Utility Heat Sink Device Heat Sink Weapon Gatling Laser Energy Gun Gatling Laser Build | -11 -10 -9 -8 -7 ------- Run | Yrd Mat Mat Mat Fac Slots Evolved 4 | 2 . 1 1 . Power . | . . . . . Propulsion 1 | 1 . . . . Utility . | . . . . . Weapon 3 | 1 . 1 1 . Parts Attached 22 | 2 3 6 8 3 Power 5 | . 1 2 1 1 Engine 4 | . 1 2 1 . Core 1 | . . . . 1 Reactor . | . . . . . Propulsion 7 | . 2 3 . 2 Treads . | . . . . . Leg . | . . . . . Wheel . | . . . . . Hover . | . . . . . Flight 7 | . 2 3 . 2 Utility 1 | . . . 1 . Device 1 | . . . 1 . Storage . | . . . . . Processor . | . . . . . Hackware . | . . . . . Protection . | . . . . . Artifact . | . . . . . Weapon 9 | 2 . 1 6 . Energy Gun 9 | 2 . 1 6 . Energy Cannon . | . . . . . Ballistic Gun . | . . . . . Ballistic Cannon . | . . . . . Launcher . | . . . . . Special Weapon . | . . . . . Impact Weapon . | . . . . . Slashing Weapon . | . . . . . Piercing Weapon . | . . . . . Special Melee Weapon . | . . . . . Unidentified Prototypes . | . . . . . Parts Lost 1 | . . . . 1 Power 1 | . . . . 1 Propulsion . | . . . . . Utility . | . . . . . Weapon . | . . . . . Highest Loss Streak 1 | . . . . 1 To Critical Strikes . | . . . . . Average Backups . | . . . . . Power . | . . . . . Propulsion . | . . . . . Utility . | . . . . . Weapon . | . . . . . Tool/Special . | . . . . . Unused Backups . | . . . . . Power . | . . . . . Propulsion . | . . . . . Utility . | . . . . . Weapon . | . . . . . Tool/Special . | . . . . . Average Slot Usage (%) 82 | . 53 83 92 96 Engine 10 | . 6 16 13 4 Core 1 | . . . . 4 Flight 25 | . 13 33 26 25 Device 4 | . . . 5 12 Energy Gun 40 | . 33 33 45 50 Peak Build Rating 28 | 2 5 6 21 28 Average Rating 11 | 1 3 5 13 26 On Entrance 6 | . 2 5 6 20 Naked Turns . | . . . . . Heaviest Build 24 | 4 7 8 24 22 Greatest Support 27 | 8 13 13 23 27 Greatest Overweight (x) 1 | 1 . . 1 . Average Overweight (x) . | . . . . . Largest Inventory Capacity . | . . . . . Average Capacity . | . . . . . Most Carried . | . . . . . Average Carried . | . . . . . Final Capacity . | . . . . . Final Carried . | . . . . . Class Distribution -------------------- 44% | Hacker-Gunner 33% | Mutant 21% | Hacker-Mutant Dominant Class ---------------- Mutant | -10/Materials Hacker-Mutant | -9/Materials Hacker-Gunner | -8/Materials Hacker-Gunner | -7/Factory Resources | -11 -10 -9 -8 -7 ----------- Run | Yrd Mat Mat Mat Fac Matter Collected 455 | . 260 70 100 25 Remotely . | . . . . . Salvage Created 1313 | . 183 477 374 279 Parts 68 | . 11 26 20 11 Haulers Intercepted . | . . . . . Recyclers Shooed 1 | . 1 . . . Parts Field Recycled . | . . . . . Retrieved Matter . | . . . . . Parts Self-Destructed . | . . . . . Prevented . | . . . . . Kills | -11 -10 -9 -8 -7 ------- Run | Yrd Mat Mat Mat Fac Combat Hostiles Destroyed 32 | . 7 14 7 4 Guns 30 | . 6 13 7 4 Classes Destroyed 8 | . 2 3 3 . Builder 2 | . . . 1 1 Mechanic 1 | . . . 1 . Operator 1 | . . 1 . . Watcher 2 | . . . 1 1 Swarmer 9 | . 3 6 . . Grunt 16 | . 4 4 4 4 Brawler 2 | . . 1 1 . Sentry 5 | . . 3 2 . Best Kill Streak 5 | . 5 3 3 1 Combat Bots Only 5 | . 5 3 2 1 Max Kills in Single Turn 2 | . 1 2 1 1 Gunslinging 1 | . . 1 . . Exploded . | . . . . . Melee . | . . . . . Uniques/NPCs Destroyed . | . . . . . Combat | -11 -10 -9 -8 -7 -------- Run | Yrd Mat Mat Mat Fac Hostile Shots Fired 157 | . 49 68 13 27 Missed 63 | . 17 24 9 13 Hits 94 | . 32 44 4 14 Projectile 94 | . 32 44 4 14 AOE 1 | . . . . 1 Critical Strikes 1 | . 1 . . . Damage Taken 1211 | . 338 519 59 295 Core 1020 | . 287 427 49 257 Absorbed by Shields . | . . . . . Redirected to Core 622 | . 157 291 35 139 Regen/Repaired (Parts) 24 | . . 24 . . Core Remaining (%) 53 | 100 64 19 32 . Volleys Fired 119 | 11 31 43 20 14 Largest 4 | 2 2 2 4 4 Hottest 320 | 100 100 100 320 320 Shots Fired 294 | 22 62 86 68 56 Gun 294 | 22 62 86 68 56 Cannon . | . . . . . Launcher . | . . . . . Special . | . . . . . Kinetic . | . . . . . Thermal 294 | 22 62 86 68 56 Explosive . | . . . . . Electromagnetic . | . . . . . Robot Hit Streak 23 | . 6 18 23 7 Robot Miss Streak 7 | . 3 2 5 7 Penetration Max . | . . . . . Secondary Targets 9 | . 1 5 2 1 Max Gunslinging Chain 1 | . 1 1 1 1 Shots Hit Robots 156 | . 34 62 33 27 Core Hits 81 | . 11 23 26 21 Critical Kills . | . . . . . Critical Parts Destroyed . | . . . . . Critical Strikes 8 | . 2 6 . . Burn 8 | . 2 6 . . Melee Attacks . | . . . . . Impact . | . . . . . Slashing . | . . . . . Piercing . | . . . . . Sneak Attacks . | . . . . . Combat Hostiles . | . . . . . Follow-up Attacks . | . . . . . Damage Inflicted 2350 | . 432 789 519 610 Guns 2350 | . 432 789 519 610 Cannons . | . . . . . Explosions . | . . . . . Melee . | . . . . . Ramming . | . . . . . Kinetic . | . . . . . Thermal 2350 | . 432 789 519 610 Explosive . | . . . . . Electromagnetic . | . . . . . Impact . | . . . . . Slashing . | . . . . . Piercing . | . . . . . Highest Corruption . | . . . . . Average Corruption . | . . . . . Corruption Purged . | . . . . . Corruption Blocked . | . . . . . Overload Shots . | . . . . . Overflow Damage . | . . . . . Projectiles . | . . . . . Explosions . | . . . . . Melee . | . . . . . Knockbacks . | . . . . . Impact . | . . . . . Kinetic . | . . . . . Secondary . | . . . . . Self-Inflicted Damage . | . . . . . Shots . | . . . . . Rammed . | . . . . . Targets Rammed . | . . . . . Kicked . | . . . . . Crushed . | . . . . . Highest Temperature 137 | 29 121 137 130 96 Average Temperature 40 | 15 37 47 43 22 Received Heat Transfer 486 | . 168 174 27 117 Siege Activations . | . . . . . Martial Activations . | . . . . . Shielding Activations . | . . . . . Robots Disrupted . | . . . . . Combat Hostiles . | . . . . . Robots Corrupted . | . . . . . Combat Hostiles . | . . . . . Parts Fried . | . . . . . Impact Corruptions . | . . . . . Robots Melted 2 | . 1 1 . . Combat Hostiles 2 | . 1 1 . . Parts Melted 26 | . 6 15 2 3 Heat Transferred 6818 | . 1443 2775 1200 1400 Parts Sabotaged . | . . . . . Parts Stolen . | . . . . . Parts Stripped . | . . . . . Power Chain Reactions . | . . . . . Alert | -11 -10 -9 -8 -7 ------- Run | Yrd Mat Mat Mat Fac Maximum Alert Level 1 | . . 1 1 . Low Security (%) 84 | 100 100 63 83 100 Level 1 15 | . . 36 16 . Level 2 . | . . . . . Level 3 . | . . . . . Level 4 . | . . . . . Level 5 . | . . . . . High Security . | . . . . . Max Security . | . . . . . Peak Influence 283 | . 146 283 217 91 Initial 115 | . . 57 115 91 Average 108 | . 64 151 146 72 Influence Increases 967 | . 216 406 218 127 Destroy 0b10 Robot/C 640 | . 140 280 140 80 Destroy 0b10 Robot/NC 30 | . . 5 15 10 Destroy Leader 164 | . 30 70 42 22 Successful Hack 12 | . . 6 6 . Destroy Structure 1 | . 1 . . . Partial Spotted 30 | . 15 . . 15 Lose Combat Pursuer 90 | . 30 45 15 . Influence Decreases 889 | . 80 269 288 252 Entered New Map 349 | . . 79 158 112 Time Decay 530 | . 80 190 130 130 Lost Part 10 | . . . . 10 Squads Dispatched 4 | . 1 1 1 1 Investigation 2 | . . 1 . 1 Extermination . | . . . . . Reinforcement 2 | . 1 . 1 . Assault . | . . . . . Garrison . | . . . . . Intercept . | . . . . . Searches Triggered . | . . . . . Construction Impeded . | . . . . . Haulers Reinforced . | . . . . . Active Scanning Responses . | . . . . . Cargo Convoy Interrupts . | . . . . . Stealth | -11 -10 -9 -8 -7 --------- Run | Yrd Mat Mat Mat Fac Distress Signals 2 | . . 1 1 . Communications Jammed . | . . . . . Distress Signals . | . . . . . Times Spotted 52 | . 11 21 12 8 Peak Tracking Total 5 | . 4 5 4 5 Tactical Retreats 4 | . 1 2 1 . Traps | -11 -10 -9 -8 -7 ------- Run | Yrd Mat Mat Mat Fac Traps Triggered 2 | . 1 1 . . Indirectly . | . . . . . Trap Hack Attempts . | . . . . . Triggered . | . . . . . Disarmed . | . . . . . Reprogrammed . | . . . . . Reused . | . . . . . Traps Extracted . | . . . . . Installed . | . . . . . Triggered . | . . . . . Machines | -11 -10 -9 -8 -7 ---------- Run | Yrd Mat Mat Mat Fac Machines Disabled . | . . . . . Max in Single Turn . | . . . . . Machines Repaired . | . . . . . Machines Dismantled . | . . . . . Machines Sabotaged . | . . . . . Overloaded Fab Kills . | . . . . . Hacking | -11 -10 -9 -8 -7 --------- Run | Yrd Mat Mat Mat Fac Machines Accessed 5 | . . 2 1 2 Terminals 2 | . . 1 1 . Fabricators . | . . . . . Repair Stations 2 | . . 1 . 1 Recycling Units . | . . . . . Scanalyzers . | . . . . . Garrison Access 1 | . . . . 1 Total Hacks 8 | . . 2 2 4 Successful 4 | . . 2 1 1 Failed 4 | . . . 1 3 Catastrophic . | . . . . . Database Lockouts . | . . . . . Manual 4 | . . 2 2 . Terminals 3 | . . 1 2 . Fabricators . | . . . . . Repair Stations 2 | . . 1 . 1 Recycling Units . | . . . . . Scanalyzers . | . . . . . Garrison Access 3 | . . . . 3 Terminal Hacks 2 | . . 1 1 . Branch Access Points 2 | . . 1 1 . Fabricator Hacks . | . . . . . Repair Station Hacks 1 | . . . . 1 Refit 1 | . . . . 1 Recycling Unit Hacks . | . . . . . Scanalyzer . | . . . . . Garrison Access Hacks . | . . . . . Unauthorized Hacks 1 | . . 1 . . Terminals . | . . . . . Fabricators . | . . . . . Repair Stations 1 | . . 1 . . Patch 1 | . . 1 . . Recycling Units . | . . . . . Scanalyzers . | . . . . . Garrison Access . | . . . . . Data Cores Recovered . | . . . . . Used . | . . . . . Hacking Detections 2 | . . 1 . 1 Full Trace Events 1 | . . . . 1 Feedback Events . | . . . . . Feedback Blocked . | . . . . . Robot Schematics Acquired . | . . . . . Robots Built . | . . . . . Authchips . | . . . . . Time . | . . . . . Total Robot Build Rating . | . . . . . Part Schematics Acquired . | . . . . . Parts Built . | . . . . . Authchips . | . . . . . Time . | . . . . . Total Part Build Rating . | . . . . . Parts Repaired . | . . . . . Time . | . . . . . Parts Recycled . | . . . . . Recycled Matter . | . . . . . Retrieved Matter . | . . . . . Retrieved Components . | . . . . . Parts Scanalyzed . | . . . . . Part Schematics Acquired . | . . . . . Parts Damaged . | . . . . . Bothacking | -11 -10 -9 -8 -7 ------------ Run | Yrd Mat Mat Mat Fac Used RIF Installer . | . . . . . Robots Hacked . | . . . . . Non-combat . | . . . . . Combat . | . . . . . Robot Hacks Applied . | . . . . . Relay Couplers Released . | . . . . . Fabnet Peak Effective % . | . . . . . Robots Rewired . | . . . . . Allies Hacked . | . . . . . Hacks Repelled . | . . . . . Allies | -11 -10 -9 -8 -7 -------- Run | Yrd Mat Mat Mat Fac Total Allies . | . . . . . Largest Group . | . . . . . Highest-Rated Group . | . . . . . Highest-Rated Ally . | . . . . . Total Orders . | . . . . . Ally Attacks . | . . . . . Total Damage . | . . . . . Kills . | . . . . . Allies Corrupted . | . . . . . Allies Melted . | . . . . . Intel | -11 -10 -9 -8 -7 ------- Run | Yrd Mat Mat Mat Fac Active Infowar (turns) . | . . . . . Robot Analysis Total . | . . . . . Derelict Logs Recovered . | . . . . . Drone Launches . | . . . . . Drone Recoveries . | . . . . . Exploration | -11 -10 -9 -8 -7 ------------- Run | Yrd Mat Mat Mat Fac Turns Passed 1199 | 56 230 381 260 272 Spaces Moved 1455 | 37 222 404 315 477 Core 132 | 37 95 . . . Treads . | . . . . . Legs . | . . . . . Wheels . | . . . . . Hover . | . . . . . Flight 1323 | . 127 404 315 477 Fastest Speed 37 | 50 37 37 37 37 Average Speed 39 | 54 42 37 42 37 Slowest Speed 117 | 100 50 37 117 37 Overloaded Moves . | . . . . . Propulsion Burnouts . | . . . . . Robots Hopped 10 | . 3 4 3 . Potential Cave-ins . | . . . . . Cave-ins Triggered . | . . . . . Exploration Rate (%) 24 | 4 46 40 19 12 Regions Visited 4 Branch Regions . Pre-discovered Areas . | . . . . . Known Exits Taken . | . . . . . Unknown Exits Taken 4 | 1 1 1 1 . Scrap Searched . | . . . . . Spaces Dug . | . . . . . Terrain Destroyed . | . . . . . Melee . | . . . . . Projectile . | . . . . . AOE . | . . . . . Terrain Rammed . | . . . . . Walls Destroyed . | . . . . . Machines Disabled . | . . . . . Actions | -11 -10 -9 -8 -7 --------- Run | Yrd Mat Mat Mat Fac Total 1795 | 49 289 545 385 527 Wait 177 | . 32 83 32 30 Move 1431 | 36 215 395 308 477 Hop 10 | . 3 4 3 . Pick Up . | . . . . . Fast Attach 15 | 2 4 3 5 1 Attach . | . . . . . Detach . | . . . . . Swap 11 | . . 5 4 2 Drop 15 | . . 5 7 3 Fire 119 | 11 31 43 20 14 Melee . | . . . . . Ram . | . . . . . Kick . | . . . . . Crush . | . . . . . Escape Stasis . | . . . . . Rewire . | . . . . . Trap . | . . . . . Miscellaneous 17 | . 4 7 6 . Route ------- -11/Scrapyard -10/Materials (discovered 4 exits: *Mat x3 / [*Min]) -9/Materials (discovered 3 exits: *Mat / *Min x2) -8/Materials -7/Factory History --------- Turn | Location | Event 1 | -11/Scrapyard | Upgraded with Propulsion slot (x1) 1 | -11/Scrapyard | Upgraded with Weapon slot (x1) 9 | -11/Scrapyard | Discovered new exit (range 14) 57 | -11/Scrapyard | Entered Materials 73 | -10/Materials | Discovered new exit (range 13) 94 | -10/Materials | Discovered new exit (range 15) 264 | -10/Materials | Discovered new exit (range 8) 277 | -10/Materials | Discovered new exit (range 14) 287 | -10/Materials | Entered another Materials area 289 | -9/Materials | Reached level 2 301 | -9/Materials | Build established: Mutant 368 | -9/Materials | Core integrity fell below 50% 413 | -9/Materials | Reached level 3 431 | -9/Materials | Discovered new exit (range 12) 437 | -9/Materials | Identified exit to Mines 657 | -9/Materials | Core integrity fell below 20% 660 | -9/Materials | Upgraded with Weapon slot (x1) 662 | -9/Materials | Discovered new exit (range 16) 668 | -9/Materials | Entered another Materials area 669 | -8/Materials | Core integrity fell below 50% 669 | -8/Materials | Core integrity fell below 20% 670 | -8/Materials | Reached level 4 786 | -8/Materials | Reached level 5 793 | -8/Materials | Upgraded with Weapon slot (x1) 896 | -8/Materials | Discovered new exit (range 8) 928 | -8/Materials | Entered Factory 929 | -7/Factory | Core integrity fell below 50% 930 | -7/Factory | Reached level 6 969 | -7/Factory | Build established: Hacker-Gunner 1015 | -7/Factory | Core integrity fell below 20% 1200 | -7/Factory | Destroyed by Y-54 Guardian via exploding Fusion Modulator Last Messages --------------- Connecting with Repair Station... Current location identified: Factory >>Refit Scanning configuration... Attaching: Backup Power III x1 G-47 Trooper destroyed. Acquired 15 matter. Dropped Backup Power III. Acquired Lgt. Nuclear Core. Acquired 10 matter. Destroyed Imp. Hover Unit. W-25 Informer destroyed. Connecting with Garrison Access... ALERT: Suspicious activity at Garrison Access F001. Dispatching Investigation squad. Destroyed Lgt. Deuterium Engine. G-47 Trooper destroyed. K-01 Serf collects debris. Fusion Modulator explodes. Map ----- +----------------------------------------------------+ | ????????????????????????????????# #?# ## #??? | | ????????????????????????????????# #?# ## #### | | ????????????????????????????????# #?# ## + | | ????????????????????????????????# ### ## # | | ????????????????????????????????#=] ## ##+### | | ????????????????????????????????#=] + " | | ????????????????????????????????# ## ## | | ????????????????????????????????#######+### """ | | ????????????????????????????????????# # """ | | ????????????????????????????????????# # """ | | ????????????????????????????????????# *** # | | ????????????????????????????????????# ** # """ | | ????????????????????????????????????# ** # """ | | ???????????????????????????###?##???# # """ | | ???????????????????????????# #??# # | | ???????????????????????????# #??# # | | ???????????????????????????? " #??# # | | ?????????????????#?????????? ???# ! #"" | | ?????????????????# ????????? [ ???# #"" | | ???????????????### #?######## #???# !#G | | ???????????????# # ! # ###########"" | | ???????????????# =# # # ! ! #"" | | ???????? + [%g # # # | | ???????????????# %# # # !!! + | | ???????????????# ????# # # !!! # ### | | ?????????????????????#! @ # # !!! # #?? | | ?????????????????????#####;## + !# #?? | | ????????????????# ###### # ! # #?? | | ????????????????+ ########### #?? | | ????????????????# ##########+##?????????# #?? | | ????????????????????????????? ??????????# #?? | | ????????????????????????????? ??????????# #?? | | ????????????????????????????"" ""?????????# ?? | | ????????????????????????????"" ""?????????#+##+#?? | | ???????????????????????????""" """???????????????? | | ??????????????????????????? "" ""???????????????? | | ?????????????????????????????" "????????????????? | | ?????????????????????????????? ?????????????????? | | ??????????????????????????????##?????????????????? | | | | | | | | | | | | | | | | | | | | | | | +----------------------------------------------------+ Best States ------------- Heat Dissipation 89 Energy Generation 14 Energy Capacity 460 Matter Stores 300 Matter Capacity 300 Sight Range 16 Terrain Scan Density 10 Evasion (%) 62 Offensive Hacking 20 Item Schematics ----------------- None Robot Schematics ------------------ None Fabricated ------------ Nothing Repaired ---------- Nothing Alien Tech Used ----------------- None Achievements -------------- None Challenges ------------ None RPGLIKE | -11 -10 -9 -8 -7 --------- Run | Yrd Mat Mat Mat Fac Levels Raised 5 | . . 2 2 1 XP Earned 11560 | 3000 850 3280 2430 2000 XP Spent 9445 | 1220 . 2800 4855 570 Upgrades 26 | 5 . 5 13 3 Propulsion Slot 1 | 1 . . . . Weapon Slot 3 | 1 . 1 1 . Heat Dissipation 9 | 2 . . 4 3 Energy Storage 6 | . . . 6 . Mass Support 3 | 1 . . 2 . Hack Attack % 4 | . . 4 . . Protomatter Created 300 | . 66 106 128 . Integrity Restored 360 | . 75 153 132 . Core 360 | . 75 153 132 . Protomatter Decayed 137 | . 41 47 49 . Game ------ Seed RingFortressCharger Manual? 0 Play Time 00:13:55 Cumulative 245.6 hours Start 2025.06.03 @ 15:05:08 End 2025.06.03 @ 19:07:35 Sessions 2 Manual Loads 0 Difficulty Rogue Special Mode Winter2019/RPGLIKE Game No. 243 Rogue 54 Adventurer 177 Explorer 12 Win Type - Total 63 Types 18/1/16/2/12/0/4/5/0/5 Lore% 54 Gallery% 52 Achievement% 69 Wizard Run 0 Options --------- Layout 0 ASCII 0 Keyboard 0 Movement Numpad Keybinds 0 Fullscreen 2 Font 12/Smallcaps Map View 83x54 Zoom Use 0% Tactical HUD 0 Map Filters NONE Filters NONE Steam 1 RUN: 37c655b3-8338-4895-9231-7c0a081352f1